 Dungeon Crawl Stone Soup version 0.28-a0-1159-g27aa881441 (webtiles) character file.

Game seed: 16721967598622932766

39 GenialerGandalf the Skirmisher (level 3, -1/33 HPs)
             Began as a Hill Orc Fighter on Dec 15, 2021.
             Slain by a rat (2 damage)
             ... on level 2 of the Dungeon.
             The game lasted 00:01:13 (652 turns).

GenialerGandalf the Skirmisher (Hill Orc Fighter)    Turns: 652, Time: 00:01:13

Health: -1/33      AC:  6    Str: 20    XL:     3   Next: 45%
Magic:  3/3        EV:  9    Int:  8    God:
Gold:   67         SH:  4    Dex: 10    Spells: 2/2 levels left

rFire   . . .      SeeInvis .   a - +0 war axe
rCold   . . .      Faith    .   c - +0 buckler
rNeg    . . .      Spirit   .   b - +0 scale mail
rPois   .          Reflect  .   (no helmet)
rElec   .          Harm     .   (no cloak)
rCorr   .          Rampage  .   (no gloves)
Will    .....                   (no boots)
Stlth   ..........              (no amulet)
HPRegen 0.11/turn               (no ring)
MPRegen 0.08/turn               (no ring)

@: no status effects
A: no striking features
a: no special abilities


You were on level 2 of the Dungeon.
You visited 1 branch of the dungeon, and saw 2 of its levels.

You collected 67 gold pieces.

Inventory:

Hand Weapons
 a - a +0 war axe (weapon)
Armour
 b - a +0 scale mail (worn)
 c - a +0 buckler (worn)
Scrolls
 e - a scroll of immolation {unknown}
Potions
 d - a potion of might


   Skills:
 + Level 4.3 Fighting
 + Level 3.3 Axes
 + Level 3.6 Armour
 + Level 0.4 Dodging
 + Level 3.5 Shields


You had 2 spell levels left.
You didn't know any spells.
Your spell library was empty.

Dungeon Overview and Level Annotations

Branches:
Dungeon (2/15)

Altars:


Message History

You climb downwards.
The gnoll shouts!
The adder hisses angrily.
You hear a shout!
Found an escape hatch in the floor.
Found a stone staircase leading up.
There is a stone staircase leading up here.
The rat closely misses you. The gnoll hits you but does no damage.
A gnoll comes into view. It is wielding a +0 flail.
The rat misses you. The rat bites you but does no damage.
The gnoll closely misses you. The rat barely misses you.
The gnoll barely misses you. You block the rat's attack. The gnoll misses you.
The rat bites you. You block the gnoll's attack. The rat barely misses you.
You block the gnoll's attack. The rat bites you but does no damage.
The gnoll barely misses you. You block the rat's attack.
You block the gnoll's attack. The rat barely misses you.
You block the gnoll's attack. The rat bites you. The gnoll barely misses you.
You block the rat's attack. The gnoll hits you with a +0 flail.
The rat bites you. You block the gnoll's attack. The rat barely misses you.
The gnoll barely misses you. The rat completely misses you.
The gnoll hits you but does no damage. The rat closely misses you.
The gnoll barely misses you. The rat bites you.
The gnoll hits you with a +0 flail! The rat barely misses you.
The gnoll hits you with a +0 flail. The rat bites you but does no damage.
The gnoll barely misses you. The rat bites you.
* * * LOW HITPOINT WARNING * * *
The gnoll hits you with a +0 flail.
* * * LOW HITPOINT WARNING * * *
The rat bites you but does no damage. The gnoll hits you with a +0 flail.
* * * LOW HITPOINT WARNING * * *
The rat bites you but does no damage. You block the gnoll's attack.
You block the rat's attack. The gnoll hits you but does no damage.
The rat barely misses you. The gnoll barely misses you.
The rat bites you but does no damage. The gnoll hits you with a +0 flail.
* * * LOW HITPOINT WARNING * * *
The rat bites you but does no damage. The gnoll closely misses you.
The rat bites you.
You die...

### #.< ## ##.#
.. ..# .#
##.##.##r##...#
.......<@ggS..#
##.########g..#
.#


You could see 3 gnolls, an adder and a rat.

Vanquished Creatures
  3 dart slugs (D:1)
  3 ball pythons (D:1)
  2 bats (D:1)
  2 endoplasms (D:1)
  2 giant cockroaches (D:1)
  2 goblins (D:1)
  A hobgoblin (D:1)
  3 jackals (D:1)
  4 quokkas (D:1)
  A frilled lizard (D:1)
  A kobold (D:1)
  6 rats (D:1)
30 creatures vanquished.

Notes
Turn   | Place    | Note
-------+----------+-------------------------------------------
     0 | D:1      | GenialerGandalf the Hill Orc Fighter began the quest for
                  | the Orb.
     0 | D:1      | Reached XP level 1. HP: 19/19 MP: 1/1
     9 | D:1      | Found a faded altar of an unknown god.
    52 | D:1      | Reached XP level 2. HP: 27/27 MP: 2/2
    62 | D:1      | Reached skill level 4 in Fighting
   227 | D:1      | Reached XP level 3. HP: 27/33 MP: 3/3
   651 | D:2      | HP: 1/33 [gnoll (2)]
   652 | D:2      | Slain by a rat

Illustrated notes

Levels and vault maps discovered:
D:1:      saegor_arrival_simple_e, layout_basic, ebering_ecumenical_altar_box
D:2:      minmay_angry_zag, layout_loops_ring, uniq_natasha

Skill      XL: |  1  2 |
---------------+-------+-----
Fighting       | 4 |  4.3
Axes           | 3 |  3.3
Armour         | |  3.6
Dodging        | |  0.4
Shields        | |  3.5

Action                   || total
-------------------------++-------
Melee: War axe           ||    72
Armor: Scale mail        ||    48
Dodge: Dodged            ||    76
Block: Buckler           ||    34

Table legend: (Time is in decaauts)
 A = Elapsed time spent in this place.
 B = Non-inter-level travel time spent in this place.
 C = Inter-level travel time spent in this place.
 D = Time resting spent in this place.
 E = Time spent auto-exploring this place.
 F = Levels seen in this place.
 G = Mean time per level.
                   A        B        C        D        E       F      G
               +--------+--------+--------+--------+--------+-----+--------+
         Total |    678 |    678 |      0 |      0 |    395 |   2 |  339.0 |
       Dungeon |    678 |    678 |      0 |      0 |    395 |   2 |  339.0 |
               +--------+--------+--------+--------+--------+-----+--------+

Top non-repeatable levels by time:
     D:1: 651 daAuts
     D:2: 26 daAuts
